 Dungeon Crawl Stone Soup version 0.30-a0-241-g1121274140 (webtiles) character file.

Game seed: 16400506290412082423

109 qw the Chopper (level 4, -3/28 HPs)
             Began as a Gargoyle Fighter on Oct 10, 2022.
             Slain by a gnoll
             ... wielding a +0 halberd
              (10 damage)
             ... on level 3 of the Dungeon.
             The game lasted 00:00:50 (1798 turns).

qw the Chopper (Gargoyle Fighter)                   Turns: 1798, Time: 00:00:50

Health: -3/28      AC: 10    Str: 22    XL:     4   Next: 89%
Magic:  4/4        EV:  9    Int:  8    God:
Gold:   72         SH:  4    Dex:  9    Spells: 3/3 levels left

rFire   . . .      SeeInvis .    Y - +1 war axe
rCold   . . .      Faith    .    c - +0 buckler
rNeg    + . .      Spirit   .    b - +0 scale mail
rPois   inf        Reflect  .    (no helmet)
rElec   +          Harm     .    (no cloak)
rCorr   .          Rampage  .    (no gloves)
Will    .....                    (no boots)
Stlth   ..........               (no amulet)
HPRegen 0.24/turn                (no ring)
MPRegen 0.09/turn                (no ring)

@: about to teleport
A: sickness immunity, AC +3, negative energy resistance 1, electricity
resistance, torment resistance 1, petrification resistance, claws 1, screaming
1, wild magic 1
a: no special abilities


You were on level 3 of the Dungeon.
You visited 1 branch of the dungeon, and saw 3 of its levels.

You collected 72 gold pieces.


Innate Abilities, Weirdness & Mutations

You are immune to sickness and miasma.
Your stone body is resilient. (AC +3)
You are immune to poison.
You resist negative energy. (rN+)
You are resistant to electric shocks. (rElec)
You are resistant to unholy torment.
You are immune to petrification.
You have sharp fingernails.
You occasionally shout uncontrollably at your foes.
Your spells are a little harder to cast, but a little more powerful.


   Skills:
 - Level 3.2 Fighting
 + Level 4.4 Axes
 - Level 3.2 Armour
 - Level 3.2 Shields


You had 3 spell levels left.
You didn't know any spells.
Your spell library was empty.

Inventory:

Hand Weapons
 f - a +0 mace
 Y - a +1 war axe (weapon)
Armour
 b - a +0 scale mail (worn)
 c - a +0 buckler (worn)
Scrolls
 j - a scroll of identify
Potions
 a - a potion of haste {unknown}
 d - a potion of might
 e - a potion of lignification
 h - a potion of mutation

Dungeon Overview and Level Annotations

Branches:
Dungeon (3/15)

Altars:


Message History

The adder bites you but does no damage. The gnoll hits you but does no damage.
The gnoll barely misses you.
You barely miss the gnoll.
The gnoll is almost dead.
You slash the adder! You closely miss the gnoll. You block the adder's attack.
The adder bites you but does no damage. The gnoll barely misses you.
You block the gnoll's attack. The adder bites you.
You barely miss the gnoll.
The gnoll is almost dead.
You closely miss the gnoll. You hit the adder. x2
The adder completely misses you. The adder closely misses you.
The gnoll closely misses you. The gnoll hits you with a +0 spear.
You block the adder's attack.
You hit the gnoll.
The gnoll is almost dead.
You miss the adder. You closely miss the adder. You barely miss the gnoll.
The adder bites you but does no damage.
The gnoll hits you but does no damage. x2
The gnoll hits you with a +0 spear. The adder bites you but does no damage.
The adder closely misses you. The gnoll barely misses you. x2
The adder bites you but does no damage.
You slash the gnoll!
You kill the gnoll!
You hit the adder. You miss the adder. You hit the gnoll but do no damage.
The adder barely misses you.
The adder bites you but does no damage. x2
The gnoll hits you from afar with a +0 halberd!
The gnoll hits you but does no damage.
1797 ||| READING scroll of teleportation.
As you read the scroll of teleportation, it crumbles to dust.
You feel strangely unstable. The adder bites you but does no damage.
The adder barely misses you. The gnoll barely misses you.
The gnoll hits you with a +0 whip. The adder completely misses you.
You barely miss the adder.
The adder is almost dead.
You slash the adder!
You kill the adder!
You closely miss the gnoll. You block the gnoll's attack.
The gnoll hits you from afar with a +0 halberd!
You die...

#.......###..#
#######......#
#############.###
#........# #.#
#........####.#
#.........%...#
#........######
#....%...#
#..S@....#
#..g)??..#
#...g#+#####
#.... #... #...
#.. ...


You could see 2 gnolls and an adder.

Vanquished Creatures
  4 adders
  A gnoll (D:3)
  A worm (D:2)
  7 dart slugs
  2 bats (D:2)
  4 endoplasms
  4 giant cockroaches
  10 goblins
  5 hobgoblins
  7 ball pythons
  2 frilled lizards (D:2)
  2 kobolds
  6 rats
55 creatures vanquished.

Notes
Turn   | Place    | Note
-------+----------+-------------------------------------------
     0 | D:1      | qw the Gargoyle Fighter began the quest for the Orb.
     0 | D:1      | Reached XP level 1. HP: 14/14 MP: 1/1
     0 | D:1      | 0 ||| qw: Version: 0.2-a-17-g06abaee
     0 | D:1      | 0 ||| qw: Game counter: 2371
     0 | D:1      | 0 ||| qw: Always use a shield: true
     0 | D:1      | 0 ||| qw: God list: Okawaru
     0 | D:1      | 0 ||| qw: Allow faded altars: false
     0 | D:1      | 0 ||| qw: Do Orc after D:15 true
     0 | D:1      | 0 ||| qw: Do second Lair branch before Depths: true
     0 | D:1      | 0 ||| qw: Lair rune preference: random
     0 | D:1      | 0 ||| qw: Plans: Normal, Zot:1-4, God:TSO, Crypt, Tomb,
                  | Pan, Slime:5, Hells, Abyss, Orb
     0 | D:1      | 0 ||| PLANNING D:1-11
     6 | D:1      | Noticed a lindwurm
     6 | D:1      | Noticed a seven-headed hydra
     7 | D:1      | Noticed a polar bear
    27 | D:1      | Reached skill level 2 in Axes
   103 | D:1      | Reached XP level 2. HP: 19/19 MP: 2/2
   156 | D:1      | 156 ||| DROPPING +0 club.
   168 | D:1      | 168 ||| Stepping ~*~*~tactically~*~*~ (stealth).
   182 | D:1      | 182 ||| Stepping ~*~*~tactically~*~*~ (stealth).
   330 | D:1      | Reached skill level 3 in Axes
   415 | D:1      | 415 ||| Stepping ~*~*~tactically~*~*~ (stealth).
   416 | D:1      | 416 ||| Stepping ~*~*~tactically~*~*~ (stealth).
   421 | D:1      | Reached XP level 3. HP: 23/23 MP: 3/3
   715 | D:1      | 715 ||| READING scroll labelled NYZOOS NYADU.
   716 | D:1      | 716 ||| READING 2 scrolls labelled CIEVED IMEYKH.
   717 | D:1      | 717 ||| READING scroll labelled DOXZOAMECWERAWN.
   722 | D:1      | 722 ||| DRINKING 2 yellow potions.
   722 | D:1      | Gained mutation: Your spells are a little harder to cast,
                  | but a little more powerful. [potion of mutation]
   722 | D:1      | Gained mutation: You occasionally shout uncontrollably at
                  | your foes. [potion of mutation]
   722 | D:1      | Gained mutation: You have sharp fingernails. [potion of
                  | mutation]
   723 | D:1      | 723 ||| DROPPING scroll of amnesia.
  1027 | D:2      | Reached XP level 4. HP: 28/28 MP: 4/4
  1040 | D:2      | 1040 ||| Stepping ~*~*~tactically~*~*~ (stealth).
  1043 | D:2      | 1043 ||| Stepping ~*~*~tactically~*~*~ (stealth).
  1045 | D:2      | 1045 ||| Stepping ~*~*~tactically~*~*~ (stealth).
  1052 | D:2      | Reached skill level 4 in Axes
  1466 | D:2      | 1466 ||| READING 3 scrolls labelled SAUTUG JUNE.
  1467 | D:2      | 1467 ||| READING 2 scrolls labelled TUQIMM YCUYRCH.
  1468 | D:2      | 1468 ||| READING scroll labelled YMNAOF HAEJIX.
  1469 | D:2      | 1469 ||| READING scroll labelled FICHE NESCH.
  1470 | D:2      | 1470 ||| READING scroll labelled ICHEUFU ISCHEST.
  1490 | D:2      | 1490 ||| DRINKING 2 fizzy coppery potions.
  1539 | D:2      | 1539 ||| DRINKING 2 bubbling emerald potions.
  1540 | D:2      | 1540 ||| DROPPING 2 scrolls of noise.
  1541 | D:2      | 1541 ||| DROPPING scroll of blinking.
  1542 | D:2      | 1542 ||| DROPPING potion of brilliance.
  1558 | D:2      | 1558 ||| Stepping ~*~*~tactically~*~*~ (stealth).
  1560 | D:2      | 1560 ||| Stepping ~*~*~tactically~*~*~ (hiding).
  1785 | D:3      | 1785 ||| Stepping ~*~*~tactically~*~*~ (hiding).
  1796 | D:3      | HP: 7/28 [gnoll/+0 halberd (9)]
  1797 | D:3      | 1797 ||| READING scroll of teleportation.
  1798 | D:3      | Slain by a gnoll

Levels and vault maps discovered:
D:1:      onia_arrival_zoo_common, layout_loops_ring, minmay_split_cup_large
D:2:      layout_basic, minivault_26
D:3:      layout_basic, tso_oasis_becter, mrwooster_statue_mirror

Skill      XL: |  1  2  3  4 |
---------------+-------------+-----
Axes           | 2 3 4 |  4.4
Fighting       | |  3.2
Armour         | |  3.2
Shields        | |  3.2

Action                   |  1- 3 |  4- 6 || total
-------------------------+-------+-------++-------
Melee: War axe           |    97 |    62 ||   159
  Use: Scroll            |     3 |     6 ||     9
       Potion            |     1 |     2 ||     3
Armor: Scale mail        |    48 |    35 ||    83
Dodge: Dodged            |    38 |    32 ||    70
Block: Buckler           |    14 |    11 ||    25

Table legend:
 A = Non-vault XP
 B = Vault XP
 C = Vault XP percentage of total XP
 D = Non-vault monster count
 E = Vault monster count
 F = Vault count percentage of total count
                 A         B        C        D         E       F
            +---------+---------+-------+---------+---------+-------
      Total |     164 |       6 |   3.5 |      51 |       4 |   7.3
            +---------+---------+-------+---------+---------+-------
        D:1 |      36 |       6 |  14.3 |      18 |       4 |  18.2
        D:2 |      78 |       0 |   0.0 |      26 |       0 |   0.0
        D:3 |      50 |       0 |   0.0 |       7 |       0 |   0.0
            +---------+---------+-------+---------+---------+-------
